Oilers vs Kraken

Created - 4 février 2022 at 15:21

Goals
1 2 3 T
Oilers 2 0 1 3
Kraken 0 1 1 2
Shots
1 2 3 T
Oilers 9 16 10 35
Kraken 11 14 8 33

1st period

1. Oilers , Cody Glass 9 (John Carlson 26) at 11:46
2. Oilers , Tim Stutzle 22 (Connor McDavid 38, Mark Giordano 14) at 13:18 (PP)

Penalties :
Zack Kassian (EDM) for Hooking (Minor) at 8:33, Michael Anderson (SEA) for Hooking (Minor) at 13:03, Brendan Smith (EDM) for Hooking (Minor) at 16:29

2nd period

3. Kraken , Jack Hughes 14 (Michael Anderson 7, Anders Lee 21) at 1:21

Penalties :
Nathan Gerbe (EDM) for Interference (Minor) at 2:16, Brendan Smith (EDM) for Hooking (Minor) at 15:30

3rd period

4. Oilers , James Neal 15 (Brendan Smith 9, Jeff Skinner 13) at 4:51
5. Kraken , Jimmy Vesey 1 (Conor Sheary 6, Anders Lee 22) at 9:08

Penalties :
Connor McDavid (EDM) for Roughing (Minor) at 5:15, Cody Glass (EDM) for High sticking (Double Minor) at 11:21

Goalie Stats

Joonas Korpisalo (EDM), 31 saves from 33 shots - (0,939), W, 9-8-2, 60:00 minutes
Sergei Bobrovsky (SEA), 32 saves from 35 shots - (0,914), L, 5-6-0, 60:00 minutes

Players Stats for Oilers

Player Name              G  A  P  +/- PIM S  H  SB GA TA FO     MP     PP MP  PK MP  
------------------------------------------------------------------------------------
Alex Biega               0  0  0   0  0   1  0  4  0  0  0/0    12:56   0:00   2:06 
Ben Street               0  0  0   0  0   1  0  0  0  0  5/5     6:36   0:00   0:00 
Bobby Ryan               0  0  0   0  0   1  0  1  1  0  0/1    18:30   0:15   5:35 
Brandon Pirri            0  0  0   0  0   0  0  0  1  0  0/0     6:36   0:00   0:00 
Brendan Smith            0  1  1   1  4   1  1  1  0  0  0/0    18:35   0:00   3:55 
Cody Glass               1  0  1  -1  4   6  0  1  0  0  5/7    14:53   0:00   1:15 
Connor McDavid           0  1  1   0  2   3  1  3  0  0  19/28  25:01   0:15   6:16 
Gaetan Haas              0  0  0   0  0   0  0  0  0  0  0/1     2:09   0:00   0:33 
Jake Gardiner            0  0  0   0  0   0  0  1  0  2  0/0    13:01   0:00   0:33 
James Neal               1  0  1   1  0   4  4  1  1  0  0/0    15:05   0:00   1:19 
Jeff Skinner             0  1  1   1  0   2  0  0  0  0  2/13   17:21   0:00   3:43 
John Carlson             0  1  1  -1  0   5  4  1  1  0  0/0    27:44   0:15   7:53 
Jordan Oesterle          0  0  0   1  0   0  1  1  0  0  0/0    20:22   0:00   5:48 
Mark Giordano            0  1  1  -1  0   3  0  3  0  1  0/0    27:36   0:15   7:33 
Nathan Gerbe             0  0  0  -1  2   2  2  0  0  0  0/0    11:53   0:00   0:00 
Tim Stutzle              1  0  1   0  0   4  0  0  0  0  0/0    19:11   0:15   7:02 
Tomas Nosek              0  0  0   1  0   0  1  1  0  0  1/1    13:27   0:00   0:00 
Zack Kassian             0  0  0  -1  2   2  0  2  1  1  0/1    15:04   0:00   2:05 

Players Stats for Kraken

Player Name              G  A  P  +/- PIM S  H  SB GA TA FO     MP     PP MP  PK MP  
------------------------------------------------------------------------------------
Adam Erne                0  0  0   0  0   1  0  1  1  0  0/1    11:23   0:00   0:15 
Anders Lee               0  2  2  -1  0   5  3  0  0  0  0/1    19:17   6:48   0:00 
Andrew Mangiapane        0  0  0   0  0   3  2  0  1  1  0/0    11:08   0:00   0:00 
Ben Chiarot              0  0  0   0  0   2  0  1  0  0  0/0    14:17   0:00   0:15 
Blake Lizotte            0  0  0   1  0   3  0  0  0  0  5/7     8:59   0:34   0:15 
Chandler Stephenson      0  0  0   0  0   1  1  1  0  0  12/23  20:41   6:37   0:00 
Colin Miller             0  0  0   1  0   1  1  1  0  1  0/0    22:14   7:06   0:15 
Conor Garland            0  0  0  -1  0   4  0  0  0  1  0/0    19:17   6:48   0:00 
Conor Sheary             0  1  1   1  0   2  1  0  0  0  1/1     8:25   0:15   0:00 
Jack Hughes              1  0  1  -1  0   1  4  1  1  0  5/15   19:12   6:43   0:00 
Jimmy Vesey              1  0  1   1  0   2  0  0  0  0  0/0     8:53   0:43   0:00 
Kevin Shattenkirk        0  0  0   1  0   0  0  0  1  0  0/0    14:12   0:00   0:00 
Kirill Kaprizov          0  0  0   0  0   3  0  0  0  0  0/1    20:41   6:37   0:00 
Mattias Ekholm           0  0  0   0  0   0  2  0  0  1  0/0    23:08   7:06   0:00 
Michael Anderson         0  1  1  -1  2   0  2  1  0  0  0/0    22:17   6:48   0:00 
Radim Zohorna            0  0  0   0  0   0  0  2  0  0  2/8    11:09   0:01   0:00 
Ryan Nugent-Hopkins      0  0  0   0  0   3  1  1  0  0  0/0    20:40   6:36   0:00 
Zach Werenski            0  0  0  -1  0   2  2  1  0  1  0/0    23:51   6:48   0:00 

3 Stars

1 - James Neal (EDM)
2 - Joonas Korpisalo (EDM)
3 - Jack Hughes (SEA)

Power Play

Oilers - 1 on 1 Attempt(s) - 100,00%
Kraken - 0 on 7 Attempt(s) - 0,00%

Penalty Kill

Oilers - 7 on 7 Attempt(s) - 100,00% - Score 0 goal in Penalty Kill
Kraken - 0 on 1 Attempt(s) - 0,00% - Score 0 goal in Penalty Kill

Team Stat

Oilers - Hits : 14 - Faceoff Wins : 32 - Blocked Shots : 20 - Penalty Minutes : 14
Kraken - Hits : 19 - Faceoff Wins : 25 - Blocked Shots : 10 - Penalty Minutes : 2

Official

Referees : Brad Meier and Graham Skilliter
Linesman : Kyle Allen and Steve Barton

Game Notes

No Game Note

Finance

Level 1 -- Attendance: 5572 (92,87%) -- Ticket Income 557 200 $
Level 2 -- Attendance: 4906 (98,12%) -- Ticket Income 294 360 $
Level 3 -- Attendance: 1948 (97,40%) -- Ticket Income 68 180 $
Level 4 -- Attendance: 3596 (89,90%) -- Ticket Income 71 920 $
Luxury Box -- Attendance: 1000 (100,00%) -- Ticket Income 200 000 $
Game was played at the Hellgates Center.
Total Attendance: 17022 (94,57%)
Total Ticket Income: 1 191 660 $
Other Income: 583 913 $
Total Income: 1 775 573 $

Oilers

5 vs 5 Forward 
   Center                   Left Wing                Right Wing               Time % Phy DF OF 
 1 Connor McDavid           Tim Stutzle              Bobby Ryan               35     1   2  2  
 2 Jeff Skinner             James Neal               Tomas Nosek              30     1   2  2  
 3 Cody Glass               Nathan Gerbe             Zack Kassian             20     1   2  2  
 4 Ben Street               Brandon Pirri            Connor McDavid           15     1   2  2  

5 vs 5 Defense 
   Defense                  Defense                                           Time % Phy DF OF 
 1 John Carlson             Mark Giordano                                     40     1   2  2  
 2 Jordan Oesterle          Brendan Smith                                     30     1   2  2  
 3 Jake Gardiner            Alex Biega                                        20     1   2  2  
 4 John Carlson             Mark Giordano                                     10     1   2  2  

PowerPlay Forward 
   Center                   Left Wing                Right Wing               Time % Phy DF OF 
 1 Connor McDavid           Tim Stutzle              Bobby Ryan               60     1   2  2  
 2 Jeff Skinner             James Neal               Tomas Nosek              40     1   2  2  

PowerPlay Defense
   Defense                  Defense                                           Time % Phy DF OF 
 1 John Carlson             Mark Giordano                                     60     1   2  2  
 2 Jordan Oesterle          Brendan Smith                                     40     1   2  2  

Penalty Kill 4 Players Forward 
   Center                   Wing                     Time % Phy DF OF 
 1 Connor McDavid           Tim Stutzle              60     1   2  2  
 2 Bobby Ryan               Jeff Skinner             40     1   2  2  

Penalty Kill 4 Players Defense
   Defense                  Defense                  Time % Phy DF OF 
 1 John Carlson             Mark Giordano            60     1   2  2  
 2 Jordan Oesterle          Brendan Smith            40     1   2  2  

Penalty Kill - 3 Players Forward 
   Forward                                           Time % Phy DF OF 
 1 Connor McDavid                                    60     1   2  2  
 2 Tim Stutzle                                       40     1   2  2  

Penalty Kill - 3 Players Defense
   Defense                  Defense                  Time % Phy DF OF 
 1 John Carlson             Mark Giordano            60     1   2  2  
 2 Jordan Oesterle          Brendan Smith            40     1   2  2  

4 vs 4 Forward 
   Center                   Wing                     Time % Phy DF OF 
 1 Connor McDavid           Tim Stutzle              60     1   2  2  
 2 Bobby Ryan               Jeff Skinner             40     1   2  2  

4 vs 4 Defense
   Defense                  Defense                  Time % Phy DF OF 
 1 John Carlson             Mark Giordano            60     1   2  2  
 2 Jordan Oesterle          Brendan Smith            40     1   2  2  

Last Minutes Offensive
   Center                   Left Wing                Right Wing               Defense                  Defense                  
   Connor McDavid           Tim Stutzle              Bobby Ryan               John Carlson             Mark Giordano            

Last Minutes Defensive
   Center                   Left Wing                Right Wing               Defense                  Defense                  
   Connor McDavid           Tim Stutzle              Bobby Ryan               John Carlson             Mark Giordano            

Goaltenders
Starting : Joonas Korpisalo         
Backup : Kaapo Kahkonen           

Extra Forwards
Normal : Gaetan Haas, Cody Glass, Zack Kassian - PP : Gaetan Haas, Cody Glass - PK : Zack Kassian
Extra Defensemen
Normal : Jake Gardiner, Alex Biega, Jordan Oesterle - PP : Jake Gardiner - PK : Alex Biega, Jordan Oesterle
Penalty Shots
Connor McDavid, Tim Stutzle, Bobby Ryan, Jeff Skinner, Cody Glass
Custom OT Lines Forwards
Connor McDavid, Tim Stutzle, Bobby Ryan, Jeff Skinner, Cody Glass, James Neal, Tomas Nosek, Zack Kassian, Ben Street, Nathan Gerbe
Custom OT Lines Defensemen
John Carlson, Mark Giordano, Jordan Oesterle, Brendan Smith, Jake Gardiner

Scratches
Kyle Okposo (Herniated Disc Injury), Luke Schenn (Healthy)

Kraken

5 vs 5 Forward 
   Center                   Left Wing                Right Wing               Time % Phy DF OF 
 1 Chandler Stephenson      Ryan Nugent-Hopkins      Kirill Kaprizov          33     0   1  4  
 2 Jack Hughes              Anders Lee               Conor Garland            32     0   1  4  
 3 Radim Zohorna            Adam Erne                Andrew Mangiapane        24     0   1  4  
 4 Blake Lizotte            Jimmy Vesey              Conor Sheary             11     0   1  4  

5 vs 5 Defense 
   Defense                  Defense                                           Time % Phy DF OF 
 1 Mattias Ekholm           Ben Chiarot                                       35     0   2  3  
 2 Zach Werenski            Michael Anderson                                  35     0   2  3  
 3 Kevin Shattenkirk        Colin Miller                                      29     0   2  3  
 4 Mattias Ekholm           Zach Werenski                                     1      1   2  2  

PowerPlay Forward 
   Center                   Left Wing                Right Wing               Time % Phy DF OF 
 1 Chandler Stephenson      Ryan Nugent-Hopkins      Kirill Kaprizov          50     0   0  5  
 2 Jack Hughes              Anders Lee               Conor Garland            50     0   0  5  

PowerPlay Defense
   Defense                  Defense                                           Time % Phy DF OF 
 1 Mattias Ekholm           Colin Miller                                      50     0   1  4  
 2 Zach Werenski            Michael Anderson                                  50     0   1  4  

Penalty Kill 4 Players Forward 
   Center                   Wing                     Time % Phy DF OF 
 1 Blake Lizotte            Adam Erne                50     1   4  0  
 2 Ryan Nugent-Hopkins      Jimmy Vesey              50     1   4  0  

Penalty Kill 4 Players Defense
   Defense                  Defense                  Time % Phy DF OF 
 1 Mattias Ekholm           Zach Werenski            50     1   4  0  
 2 Ben Chiarot              Michael Anderson         50     1   4  0  

Penalty Kill - 3 Players Forward 
   Forward                                           Time % Phy DF OF 
 1 Blake Lizotte                                     50     1   2  2  
 2 Adam Erne                                         50     1   2  2  

Penalty Kill - 3 Players Defense
   Defense                  Defense                  Time % Phy DF OF 
 1 Mattias Ekholm           Zach Werenski            50     1   2  2  
 2 Ben Chiarot              Michael Anderson         50     1   2  2  

4 vs 4 Forward 
   Center                   Wing                     Time % Phy DF OF 
 1 Chandler Stephenson      Kirill Kaprizov          50     0   1  4  
 2 Ryan Nugent-Hopkins      Conor Garland            50     0   1  4  

4 vs 4 Defense
   Defense                  Defense                  Time % Phy DF OF 
 1 Mattias Ekholm           Colin Miller             50     1   2  2  
 2 Zach Werenski            Michael Anderson         50     1   2  2  

Last Minutes Offensive
   Center                   Left Wing                Right Wing               Defense                  Defense                  
   Chandler Stephenson      Ryan Nugent-Hopkins      Kirill Kaprizov          Mattias Ekholm           Zach Werenski            

Last Minutes Defensive
   Center                   Left Wing                Right Wing               Defense                  Defense                  
   Chandler Stephenson      Ryan Nugent-Hopkins      Kirill Kaprizov          Mattias Ekholm           Ben Chiarot              

Goaltenders
Starting : Sergei Bobrovsky         
Backup : Igor Shesterkin          

Extra Forwards
Normal : Chandler Stephenson, Ryan Nugent-Hopkins, Jack Hughes - PP : Ryan Nugent-Hopkins, Chandler Stephenson - PK : Jack Hughes
Extra Defensemen
Normal : Zach Werenski, Mattias Ekholm, Colin Miller - PP : Mattias Ekholm - PK : Colin Miller, Mattias Ekholm
Penalty Shots
Ben Chiarot, Kevin Shattenkirk, Conor Garland, Adam Erne, Ryan Nugent-Hopkins
Custom OT Lines Forwards
Ryan Nugent-Hopkins, Chandler Stephenson, Kirill Kaprizov, Conor Garland, Andrew Mangiapane, Jack Hughes, Anders Lee, Blake Lizotte, Adam Erne, Conor Sheary
Custom OT Lines Defensemen
Mattias Ekholm, Colin Miller, Ben Chiarot, Michael Anderson, Zach Werenski

Scratches
Jonathon Merrill (Healthy), Matt Irwin (Healthy), Tyler Johnson (Upper Body Injury)

% Time on Ice - Oilers

Lines # - Real PCT - Wanted PCT - Time Play
Normal Forward
1 - 29% - 35% - 12:48
2 - 30% - 30% - 13:38
3 - 26% - 20% - 11:50
4 - 15% - 15% - 6:36
Normal Defense
1 - 38% - 40% - 17:06
2 - 33% - 30% - 14:38
3 - 24% - 20% - 10:38
4 - 6% - 10% - 2:30
PP Forward
1 - 100% - 60% - 0:15
2 - 0% - 40% - 0:00
PP Defense
1 - 100% - 60% - 0:15
2 - 0% - 40% - 0:00
PK Forward
1 - 73% - 60% - 10:11
2 - 27% - 40% - 3:43
PK Defense
1 - 57% - 60% - 7:58
2 - 43% - 40% - 5:56
PK3 Forward
1 - 0% - 60%
2 - 0% - 40%
PK3 Defense
1 - 0% - 60%
2 - 0% - 40%
44 Forward
1 - 0% - 60%
2 - 0% - 40%
44 Defense
1 - 0% - 60%
2 - 0% - 40%
Last Minute Offensive  - 0:00
Last Minute Defensive  - 0:59
Total
Forward - 60:00
Defense - 60:00

% Time on Ice - Kraken

Lines # - Real PCT - Wanted PCT - Time Play
Normal Forward
1 - 29% - 33% - 12:53
2 - 28% - 32% - 12:29
3 - 25% - 24% - 11:08
4 - 18% - 11% - 8:10
Normal Defense
1 - 34% - 35% - 15:08
2 - 35% - 35% - 15:30
3 - 31% - 29% - 14:00
4 - 0% - 1% - 0:02
PP Forward
1 - 50% - 50% - 6:54
2 - 50% - 50% - 7:00
PP Defense
1 - 51% - 50% - 7:06
2 - 49% - 50% - 6:48
PK Forward
1 - 100% - 50% - 0:15
2 - 0% - 50% - 0:00
PK Defense
1 - 0% - 50% - 0:00
2 - 100% - 50% - 0:15
PK3 Forward
1 - 0% - 50%
2 - 0% - 50%
PK3 Defense
1 - 0% - 50%
2 - 0% - 50%
44 Forward
1 - 0% - 50%
2 - 0% - 50%
44 Defense
1 - 0% - 50%
2 - 0% - 50%
Last Minute Offensive  - 1:11
Last Minute Defensive  - 0:00
Total
Forward - 60:00
Defense - 60:00

Play-by-Play

1st period


0:01 of 1st period - Connor McDavid wins face-off versus Chandler Stephenson in neutral zone.
0:04 of 1st period - Ryan Nugent-Hopkins is hit by John Carlson.
0:10 of 1st period - Wrist shot by Ryan Nugent-Hopkins.
0:10 of 1st period - Shot Blocked by Bobby Ryan.
0:26 of 1st period - John Carlson is hit by Jack Hughes and loses puck.
0:52 of 1st period - Cody Glass is hit by Michael Anderson.
0:56 of 1st period - Backhand shot by John Carlson.
0:56 of 1st period - Stopped by Sergei Bobrovsky with a rebound.
0:58 of 1st period - Slapshot by Jordan Oesterle.
0:58 of 1st period - Deflect By Cody Glass.
0:58 of 1st period - Shot Misses the Net.
0:58 of 1st period - Puck is out of play.
0:59 of 1st period - Ben Street wins face-off versus Blake Lizotte in Kraken zone.
1:12 of 1st period - Wrist shot by Conor Sheary.
1:12 of 1st period - Shot Misses the Net.
1:28 of 1st period - Backhand shot by Anders Lee.
1:28 of 1st period - Shot Misses the Net.
1:30 of 1st period - Slapshot by Mattias Ekholm.
1:30 of 1st period - Shot Blocked by Brendan Smith.
1:34 of 1st period - Wrist shot by Anders Lee.
1:34 of 1st period - Stopped by Joonas Korpisalo without a rebound.
1:35 of 1st period - Chandler Stephenson wins face-off versus Connor McDavid in Oilers zone.
2:04 of 1st period - Icing by Radim Zohorna.
2:05 of 1st period - Cody Glass wins face-off versus Radim Zohorna in Kraken zone.
2:08 of 1st period - Wrist shot by Cody Glass.
2:08 of 1st period - Stopped by Sergei Bobrovsky without a rebound.
2:09 of 1st period - Connor McDavid wins face-off versus Jack Hughes in Kraken zone.
2:20 of 1st period - Wrist shot by Connor McDavid.
2:20 of 1st period - Shot Misses the Net.
3:04 of 1st period - Slapshot by John Carlson.
3:04 of 1st period - Stopped by Sergei Bobrovsky with a rebound.
3:18 of 1st period - Brendan Smith is hit by Mattias Ekholm and loses puck.
3:25 of 1st period - Wrist shot by Conor Sheary.
3:25 of 1st period - Shot Misses the Net.
3:40 of 1st period - Off-side.
3:41 of 1st period - Ben Street wins face-off versus Jack Hughes in neutral zone.
4:32 of 1st period - Slapshot by John Carlson.
4:32 of 1st period - Deflect By Mattias Ekholm.
4:32 of 1st period - Stopped by Sergei Bobrovsky with a rebound.
5:08 of 1st period - Snap shot by Anders Lee.
5:08 of 1st period - Shot Misses the Net.
5:10 of 1st period - Slapshot by Ben Chiarot.
5:10 of 1st period - Stopped by Joonas Korpisalo with a rebound.
5:12 of 1st period - Snap shot by Anders Lee.
5:12 of 1st period - Shot Misses the Net.
5:14 of 1st period - Slapshot by Mattias Ekholm.
5:14 of 1st period - Shot Blocked by Alex Biega.
5:16 of 1st period - Snap shot by Ben Chiarot.
5:16 of 1st period - Shot Misses the Net.
5:18 of 1st period - Snap shot by Conor Garland.
5:18 of 1st period - Shot Blocked by Zack Kassian.
5:36 of 1st period - Snap shot by James Neal.
5:36 of 1st period - Stopped by Sergei Bobrovsky without a rebound.
5:37 of 1st period - Connor McDavid wins face-off versus Radim Zohorna in Kraken zone.
5:52 of 1st period - Wrist shot by Andrew Mangiapane.
5:52 of 1st period - Stopped by Joonas Korpisalo with a rebound.
6:07 of 1st period - Slapshot by Chandler Stephenson.
6:07 of 1st period - Stopped by Joonas Korpisalo with a rebound.
6:09 of 1st period - Wrist shot by Chandler Stephenson.
6:09 of 1st period - Shot Blocked by Mark Giordano.
7:07 of 1st period - Wrist shot by Andrew Mangiapane.
7:07 of 1st period - Shot Misses the Net.
8:10 of 1st period - Wrist shot by Conor Sheary.
8:10 of 1st period - Deflect By James Neal.
8:10 of 1st period - Shot Blocked by Alex Biega.
8:10 of 1st period - Puck is out of play.
8:11 of 1st period - Cody Glass wins face-off versus Jack Hughes in Oilers zone.
8:11 of 1st period - Cody Glass is hit by Zach Werenski.
8:27 of 1st period - Snap shot by Anders Lee.
8:27 of 1st period - Stopped by Joonas Korpisalo with a rebound.
8:33 of 1st period - Minor Penalty to Zack Kassian for Hooking.
8:34 of 1st period - Connor McDavid wins face-off versus Chandler Stephenson in Oilers zone.
8:47 of 1st period - Slapshot by Ryan Nugent-Hopkins.
8:47 of 1st period - Shot Misses the Net.
10:33 of 1st period - Penalty to Zack Kassian is over, Zack Kassian is back on ice.
10:55 of 1st period - Wrist shot by Andrew Mangiapane.
10:55 of 1st period - Shot Blocked by Cody Glass.
11:20 of 1st period - Icing by Jimmy Vesey.
11:21 of 1st period - Blake Lizotte wins face-off versus Jeff Skinner in Kraken zone.
11:26 of 1st period - Jeff Skinner is hit by Conor Sheary.
11:46 of 1st period - Wrist shot by Cody Glass.
11:46 of 1st period - Goal by Cody Glass - Oilers : 1 - Kraken : 0.
11:47 of 1st period - Connor McDavid wins face-off versus Chandler Stephenson in neutral zone.
12:19 of 1st period - Snap shot by Jack Hughes.
12:19 of 1st period - Deflect By Anders Lee.
12:19 of 1st period - Stopped by Joonas Korpisalo with a rebound.
12:21 of 1st period - Slapshot by Zach Werenski.
12:21 of 1st period - Deflect By Mark Giordano.
12:21 of 1st period - Stopped by Joonas Korpisalo without a rebound.
12:22 of 1st period - Tomas Nosek wins face-off versus Radim Zohorna in Oilers zone.
12:22 of 1st period - Tomas Nosek is hit by Andrew Mangiapane.
12:42 of 1st period - Adam Erne is hit by James Neal and loses puck.
13:03 of 1st period - Minor Penalty to Michael Anderson for Hooking.
13:04 of 1st period - Blake Lizotte wins face-off versus Connor McDavid in Kraken zone.
13:18 of 1st period - Wrist shot by Tim Stutzle.
13:18 of 1st period - Goal by Tim Stutzle - Oilers : 2 - Kraken : 0.
13:19 of 1st period - Connor McDavid wins face-off versus Jack Hughes in neutral zone.
13:28 of 1st period - Anders Lee is hit by Connor McDavid.
14:37 of 1st period - Slapshot by Blake Lizotte.
14:37 of 1st period - Shot Blocked by Connor McDavid.
14:51 of 1st period - Wrist shot by Tim Stutzle.
14:51 of 1st period - Deflect By Connor McDavid.
14:51 of 1st period - Stopped by Sergei Bobrovsky without a rebound.
14:52 of 1st period - Connor McDavid wins face-off versus Kirill Kaprizov in Kraken zone.
15:17 of 1st period - John Carlson is hit by Anders Lee and loses puck.
15:22 of 1st period - Wrist shot by Jack Hughes.
15:22 of 1st period - Shot Misses the Net.
15:24 of 1st period - Slapshot by Ben Chiarot.
15:24 of 1st period - Stopped by Joonas Korpisalo with a rebound.
15:26 of 1st period - Snap shot by Jack Hughes.
15:26 of 1st period - Shot Misses the Net.
15:39 of 1st period - Icing by Cody Glass.
15:40 of 1st period - Radim Zohorna wins face-off versus Cody Glass in Oilers zone.
15:51 of 1st period - Andrew Mangiapane is hit by Nathan Gerbe and loses puck.
16:14 of 1st period - Slapshot by Kirill Kaprizov.
16:14 of 1st period - Stopped by Joonas Korpisalo with a rebound.
16:16 of 1st period - Snap shot by Kirill Kaprizov.
16:16 of 1st period - Shot Misses the Net.
16:29 of 1st period - Minor Penalty to Brendan Smith for Hooking.
16:30 of 1st period - Jack Hughes wins face-off versus Connor McDavid in Oilers zone.
16:38 of 1st period - Slapshot by Jack Hughes.
16:38 of 1st period - Shot Misses the Net.
16:40 of 1st period - Snap shot by Anders Lee.
16:40 of 1st period - Stopped by Joonas Korpisalo with a rebound.
16:42 of 1st period - Slapshot by Conor Garland.
16:42 of 1st period - Stopped by Joonas Korpisalo without a rebound.
16:43 of 1st period - Connor McDavid wins face-off versus Chandler Stephenson in Oilers zone.
18:29 of 1st period - Penalty to Brendan Smith is over, Brendan Smith is back on ice.
18:38 of 1st period - Andrew Mangiapane is hit by John Carlson and loses puck.
19:23 of 1st period - Brendan Smith is hit by Jack Hughes and loses puck.
19:38 of 1st period - Slapshot by Cody Glass.
19:38 of 1st period - Stopped by Sergei Bobrovsky with a rebound.
Goals for this period are 2 for Oilers vs 0 for Kraken.
Shots for this period are 9 for Oilers vs 11 for Kraken.

2nd period


0:01 of 2nd period - Connor McDavid wins face-off versus Jack Hughes in neutral zone.
0:04 of 2nd period - Slapshot by John Carlson.
0:04 of 2nd period - Stopped by Sergei Bobrovsky with a rebound.
0:16 of 2nd period - Snap shot by Anders Lee.
0:16 of 2nd period - Shot Misses the Net.
0:26 of 2nd period - Chandler Stephenson is hit by John Carlson and loses puck.
1:13 of 2nd period - Snap shot by Conor Garland.
1:13 of 2nd period - Stopped by Joonas Korpisalo with a rebound.
1:15 of 2nd period - Wrist shot by Anders Lee.
1:15 of 2nd period - Shot Blocked by Alex Biega.
1:17 of 2nd period - Wrist shot by Michael Anderson.
1:17 of 2nd period - Shot Blocked by Alex Biega.
1:21 of 2nd period - Snap shot by Jack Hughes.
1:21 of 2nd period - Goal by Jack Hughes - Oilers : 2 - Kraken : 1.
1:22 of 2nd period - Chandler Stephenson wins face-off versus Connor McDavid in neutral zone.
1:47 of 2nd period - Mark Giordano is hit by Anders Lee and loses puck.
2:00 of 2nd period - Michael Anderson is hit by Tomas Nosek and loses puck.
2:16 of 2nd period - Minor Penalty to Nathan Gerbe for Interference.
2:17 of 2nd period - Connor McDavid wins face-off versus Jack Hughes in Oilers zone.
2:26 of 2nd period - John Carlson is hit by Colin Miller and loses puck.
2:43 of 2nd period - Anders Lee is hit by John Carlson and loses puck.
3:00 of 2nd period - Slapshot by Jeff Skinner.
3:00 of 2nd period - Shot Misses the Net.
3:02 of 2nd period - Slapshot by Bobby Ryan.
3:02 of 2nd period - Shot Misses the Net.
3:04 of 2nd period - Snap shot by Jeff Skinner.
3:04 of 2nd period - Shot Misses the Net.
3:06 of 2nd period - Snap shot by Bobby Ryan.
3:06 of 2nd period - Shot Blocked by Colin Miller.
3:08 of 2nd period - Snap shot by Brendan Smith.
3:08 of 2nd period - Stopped by Sergei Bobrovsky without a rebound.
3:09 of 2nd period - Chandler Stephenson wins face-off versus Connor McDavid in Kraken zone.
4:16 of 2nd period - Penalty to Nathan Gerbe is over, Nathan Gerbe is back on ice.
4:23 of 2nd period - Snap shot by Bobby Ryan.
4:23 of 2nd period - Shot Blocked by Michael Anderson.
4:47 of 2nd period - Snap shot by Blake Lizotte.
4:47 of 2nd period - Shot Misses the Net.
4:53 of 2nd period - Wrist shot by Jimmy Vesey.
4:53 of 2nd period - Shot Blocked by James Neal.
6:12 of 2nd period - Off-side.
6:13 of 2nd period - Cody Glass wins face-off versus Blake Lizotte in neutral zone.
6:16 of 2nd period - Snap shot by Zack Kassian.
6:16 of 2nd period - Stopped by Sergei Bobrovsky with a rebound.
6:24 of 2nd period - Slapshot by Blake Lizotte.
6:24 of 2nd period - Stopped by Joonas Korpisalo with a rebound.
6:26 of 2nd period - Wrist shot by Blake Lizotte.
6:26 of 2nd period - Stopped by Joonas Korpisalo with a rebound.
6:28 of 2nd period - Slapshot by Conor Sheary.
6:28 of 2nd period - Stopped by Joonas Korpisalo without a rebound.
6:29 of 2nd period - Chandler Stephenson wins face-off versus Jeff Skinner in Oilers zone.
7:17 of 2nd period - Slapshot by John Carlson.
7:17 of 2nd period - Deflect By Cody Glass.
7:17 of 2nd period - Stopped by Sergei Bobrovsky without a rebound.
7:18 of 2nd period - Cody Glass wins face-off versus Radim Zohorna in Kraken zone.
7:33 of 2nd period - Wrist shot by Nathan Gerbe.
7:33 of 2nd period - Stopped by Sergei Bobrovsky with a rebound.
7:40 of 2nd period - Michael Anderson is hit by Brendan Smith and loses puck.
7:49 of 2nd period - Wrist shot by Adam Erne.
7:49 of 2nd period - Stopped by Joonas Korpisalo with a rebound.
8:07 of 2nd period - Off-side.
8:08 of 2nd period - Chandler Stephenson wins face-off versus Jeff Skinner in neutral zone.
8:15 of 2nd period - Snap shot by Ryan Nugent-Hopkins.
8:15 of 2nd period - Shot Misses the Net.
8:37 of 2nd period - Slapshot by Conor Garland.
8:37 of 2nd period - Stopped by Joonas Korpisalo without a rebound.
8:38 of 2nd period - Jack Hughes wins face-off versus Connor McDavid in Oilers zone.
8:47 of 2nd period - Wrist shot by Connor McDavid.
8:47 of 2nd period - Shot Misses the Net.
8:49 of 2nd period - Snap shot by Bobby Ryan.
8:49 of 2nd period - Deflect By Connor McDavid.
8:49 of 2nd period - Shot Misses the Net.
8:49 of 2nd period - Puck is out of play.
8:50 of 2nd period - Connor McDavid wins face-off versus Chandler Stephenson in Kraken zone.
8:55 of 2nd period - Wrist shot by Connor McDavid.
8:55 of 2nd period - Stopped by Sergei Bobrovsky without a rebound.
8:56 of 2nd period - Connor McDavid wins face-off versus Chandler Stephenson in Kraken zone.
9:27 of 2nd period - Snap shot by James Neal.
9:27 of 2nd period - Shot Blocked by Jack Hughes.
9:29 of 2nd period - Snap shot by James Neal.
9:29 of 2nd period - Stopped by Sergei Bobrovsky with a rebound.
10:01 of 2nd period - Slapshot by Adam Erne.
10:01 of 2nd period - Shot Misses the Net.
10:03 of 2nd period - Snap shot by Kirill Kaprizov.
10:03 of 2nd period - Stopped by Joonas Korpisalo without a rebound.
10:04 of 2nd period - Connor McDavid wins face-off versus Chandler Stephenson in Oilers zone.
10:04 of 2nd period - Connor McDavid is hit by Chandler Stephenson.
10:12 of 2nd period - Slapshot by Tim Stutzle.
10:12 of 2nd period - Shot Misses the Net.
10:14 of 2nd period - Snap shot by Bobby Ryan.
10:14 of 2nd period - Stopped by Sergei Bobrovsky with a rebound.
10:16 of 2nd period - Snap shot by Tim Stutzle.
10:16 of 2nd period - Stopped by Sergei Bobrovsky with a rebound.
10:18 of 2nd period - Slapshot by Mark Giordano.
10:18 of 2nd period - Stopped by Sergei Bobrovsky with a rebound.
10:20 of 2nd period - Snap shot by Bobby Ryan.
10:20 of 2nd period - Shot Blocked by Ben Chiarot.
10:30 of 2nd period - Wrist shot by Connor McDavid.
10:30 of 2nd period - Shot Blocked by Ryan Nugent-Hopkins.
10:32 of 2nd period - Snap shot by Tim Stutzle.
10:32 of 2nd period - Stopped by Sergei Bobrovsky with a rebound.
10:34 of 2nd period - Slapshot by Alex Biega.
10:34 of 2nd period - Stopped by Sergei Bobrovsky with a rebound.
10:36 of 2nd period - Wrist shot by Bobby Ryan.
10:36 of 2nd period - Shot Blocked by Chandler Stephenson.
10:38 of 2nd period - Slapshot by Jake Gardiner.
10:38 of 2nd period - Deflect By Bobby Ryan.
10:38 of 2nd period - Shot Misses the Net.
10:38 of 2nd period - Puck is out of play.
10:39 of 2nd period - Jack Hughes wins face-off versus Jeff Skinner in Kraken zone.
10:46 of 2nd period - Wrist shot by Conor Garland.
10:46 of 2nd period - Shot Misses the Net.
11:09 of 2nd period - Snap shot by Andrew Mangiapane.
11:09 of 2nd period - Stopped by Joonas Korpisalo with a rebound.
13:29 of 2nd period - Snap shot by Kirill Kaprizov.
13:29 of 2nd period - Stopped by Joonas Korpisalo with a rebound.
13:31 of 2nd period - Slapshot by Colin Miller.
13:31 of 2nd period - Stopped by Joonas Korpisalo without a rebound.
13:32 of 2nd period - Jack Hughes wins face-off versus Jeff Skinner in Oilers zone.
13:35 of 2nd period - Wrist shot by Conor Garland.
13:35 of 2nd period - Deflect By Jack Hughes.
13:35 of 2nd period - Shot Misses the Net.
13:35 of 2nd period - Puck is out of play.
13:36 of 2nd period - Jeff Skinner wins face-off versus Jack Hughes in Oilers zone.
14:36 of 2nd period - Snap shot by Adam Erne.
14:36 of 2nd period - Shot Misses the Net.
15:16 of 2nd period - Snap shot by Jeff Skinner.
15:16 of 2nd period - Stopped by Sergei Bobrovsky without a rebound.
15:17 of 2nd period - Jeff Skinner wins face-off versus Chandler Stephenson in Kraken zone.
15:22 of 2nd period - Snap shot by Jeff Skinner.
15:22 of 2nd period - Deflect By James Neal.
15:22 of 2nd period - Stopped by Sergei Bobrovsky without a rebound.
15:23 of 2nd period - Chandler Stephenson wins face-off versus Jeff Skinner in Kraken zone.
15:23 of 2nd period - Chandler Stephenson is hit by James Neal.
15:30 of 2nd period - Minor Penalty to Brendan Smith for Hooking.
15:31 of 2nd period - Connor McDavid wins face-off versus Chandler Stephenson in Oilers zone.
16:30 of 2nd period - Tim Stutzle is hit by Jack Hughes and loses puck.
17:30 of 2nd period - Penalty to Brendan Smith is over, Brendan Smith is back on ice.
17:39 of 2nd period - Wrist shot by Conor Sheary.
17:39 of 2nd period - Shot Blocked by Mark Giordano.
17:41 of 2nd period - Snap shot by Blake Lizotte.
17:41 of 2nd period - Stopped by Joonas Korpisalo without a rebound.
17:42 of 2nd period - Conor Sheary wins face-off versus Jeff Skinner in Oilers zone.
17:43 of 2nd period - Wrist shot by Jimmy Vesey.
17:43 of 2nd period - Stopped by Joonas Korpisalo without a rebound.
17:44 of 2nd period - Blake Lizotte wins face-off versus Jeff Skinner in Oilers zone.
17:53 of 2nd period - Wrist shot by Conor Sheary.
17:53 of 2nd period - Stopped by Joonas Korpisalo with a rebound.
17:55 of 2nd period - Slapshot by Ben Chiarot.
17:55 of 2nd period - Shot Blocked by Tomas Nosek.
18:53 of 2nd period - Slapshot by Mattias Ekholm.
18:53 of 2nd period - Shot Misses the Net.
19:11 of 2nd period - Slapshot by Jeff Skinner.
19:11 of 2nd period - Stopped by Sergei Bobrovsky without a rebound.
19:12 of 2nd period - Blake Lizotte wins face-off versus Jeff Skinner in Kraken zone.
19:23 of 2nd period - Slapshot by Zach Werenski.
19:23 of 2nd period - Shot Blocked by Jordan Oesterle.
19:39 of 2nd period - Slapshot by John Carlson.
19:39 of 2nd period - Stopped by Sergei Bobrovsky without a rebound.
19:40 of 2nd period - Ben Street wins face-off versus Jack Hughes in Kraken zone.
Goals for this period are 0 for Oilers vs 1 for Kraken.
Shots for this period are 16 for Oilers vs 14 for Kraken.

3rd period


0:01 of 3rd period - Connor McDavid wins face-off versus Chandler Stephenson in neutral zone.
0:07 of 3rd period - Icing by Bobby Ryan.
0:08 of 3rd period - Connor McDavid wins face-off versus Chandler Stephenson in Oilers zone.
0:33 of 3rd period - Kirill Kaprizov is hit by James Neal and loses puck.
1:17 of 3rd period - Snap shot by Cody Glass.
1:17 of 3rd period - Stopped by Sergei Bobrovsky without a rebound.
1:18 of 3rd period - Connor McDavid wins face-off versus Anders Lee in Kraken zone.
1:21 of 3rd period - Snap shot by Tim Stutzle.
1:21 of 3rd period - Stopped by Sergei Bobrovsky without a rebound.
1:22 of 3rd period - Connor McDavid wins face-off versus Jack Hughes in Kraken zone.
2:21 of 3rd period - James Neal is hit by Andrew Mangiapane and loses puck.
2:45 of 3rd period - Backhand shot by Blake Lizotte.
2:45 of 3rd period - Shot Misses the Net.
2:47 of 3rd period - Wrist shot by Conor Sheary.
2:47 of 3rd period - Shot Blocked by Mark Giordano.
3:07 of 3rd period - Mark Giordano is hit by Ryan Nugent-Hopkins and loses puck.
3:38 of 3rd period - Jeff Skinner is hit by Mattias Ekholm and loses puck.
4:12 of 3rd period - Wrist shot by Ryan Nugent-Hopkins.
4:12 of 3rd period - Stopped by Joonas Korpisalo without a rebound.
4:13 of 3rd period - Chandler Stephenson wins face-off versus Cody Glass in Oilers zone.
4:26 of 3rd period - Wrist shot by Ryan Nugent-Hopkins.
4:26 of 3rd period - Stopped by Joonas Korpisalo with a rebound.
4:28 of 3rd period - Snap shot by Michael Anderson.
4:28 of 3rd period - Shot Blocked by Zack Kassian.
4:30 of 3rd period - Slapshot by Zach Werenski.
4:30 of 3rd period - Stopped by Joonas Korpisalo with a rebound.
4:40 of 3rd period - Anders Lee is hit by James Neal and loses puck.
4:47 of 3rd period - Snap shot by Jeff Skinner.
4:47 of 3rd period - Shot Blocked by Zach Werenski.
4:49 of 3rd period - Snap shot by Jeff Skinner.
4:49 of 3rd period - Shot Misses the Net.
4:51 of 3rd period - Slapshot by Brendan Smith.
4:51 of 3rd period - Deflect By James Neal.
4:51 of 3rd period - Goal by James Neal - Oilers : 3 - Kraken : 1.
4:52 of 3rd period - Connor McDavid wins face-off versus Jack Hughes in neutral zone.
5:07 of 3rd period - Wrist shot by Anders Lee.
5:07 of 3rd period - Shot Blocked by Connor McDavid.
5:15 of 3rd period - Minor Penalty to Connor McDavid for Roughing.
5:16 of 3rd period - Chandler Stephenson wins face-off versus Zack Kassian in Oilers zone.
7:06 of 3rd period - James Neal is hit by Anders Lee and loses puck.
7:15 of 3rd period - Penalty to Connor McDavid is over, Connor McDavid is back on ice.
7:19 of 3rd period - Snap shot by Connor McDavid.
7:19 of 3rd period - Shot Blocked by Radim Zohorna.
7:25 of 3rd period - Snap shot by John Carlson.
7:25 of 3rd period - Shot Misses the Net.
7:27 of 3rd period - Slapshot by Mark Giordano.
7:27 of 3rd period - Stopped by Sergei Bobrovsky with a rebound.
7:29 of 3rd period - Slapshot by John Carlson.
7:29 of 3rd period - Shot Blocked by Adam Erne.
7:31 of 3rd period - Snap shot by Cody Glass.
7:31 of 3rd period - Shot Misses the Net.
7:33 of 3rd period - Slapshot by John Carlson.
7:33 of 3rd period - Shot Blocked by Radim Zohorna.
7:35 of 3rd period - Backhand shot by Connor McDavid.
7:35 of 3rd period - Shot Misses the Net.
7:37 of 3rd period - Slapshot by Mark Giordano.
7:37 of 3rd period - Deflect By Zach Werenski.
7:37 of 3rd period - Stopped by Sergei Bobrovsky without a rebound.
7:38 of 3rd period - Blake Lizotte wins face-off versus Jeff Skinner in Kraken zone.
9:04 of 3rd period - Snap shot by Anders Lee.
9:04 of 3rd period - Stopped by Joonas Korpisalo with a rebound.
9:06 of 3rd period - Snap shot by Conor Sheary.
9:06 of 3rd period - Shot Blocked by John Carlson.
9:08 of 3rd period - Snap shot by Jimmy Vesey.
9:08 of 3rd period - Goal by Jimmy Vesey - Oilers : 3 - Kraken : 2.
9:09 of 3rd period - Jack Hughes wins face-off versus Bobby Ryan in neutral zone.
10:06 of 3rd period - Slapshot by Andrew Mangiapane.
10:06 of 3rd period - Shot Misses the Net.
10:18 of 3rd period - Jimmy Vesey is hit by Jordan Oesterle.
11:21 of 3rd period - Double Minor Penalty to Cody Glass for High sticking.
11:22 of 3rd period - Chandler Stephenson wins face-off versus Connor McDavid in Oilers zone.
11:24 of 3rd period - Wrist shot by Ryan Nugent-Hopkins.
11:24 of 3rd period - Shot Misses the Net.
11:26 of 3rd period - Wrist shot by Ryan Nugent-Hopkins.
11:26 of 3rd period - Stopped by Joonas Korpisalo without a rebound.
11:27 of 3rd period - Chandler Stephenson wins face-off versus Connor McDavid in Oilers zone.
11:54 of 3rd period - Mark Giordano is hit by Jack Hughes and loses puck.
12:07 of 3rd period - Wrist shot by Conor Garland.
12:07 of 3rd period - Stopped by Joonas Korpisalo with a rebound.
12:47 of 3rd period - Icing by Colin Miller.
12:48 of 3rd period - Chandler Stephenson wins face-off versus Connor McDavid in Kraken zone.
15:21 of 3rd period - Penalty to Cody Glass is over, Cody Glass is back on ice.
15:26 of 3rd period - James Neal is hit by Michael Anderson and loses puck.
15:35 of 3rd period - Slapshot by Andrew Mangiapane.
15:35 of 3rd period - Stopped by Joonas Korpisalo without a rebound.
15:36 of 3rd period - Cody Glass wins face-off versus Radim Zohorna in Oilers zone.
15:47 of 3rd period - Snap shot by Cody Glass.
15:47 of 3rd period - Stopped by Sergei Bobrovsky without a rebound.
15:48 of 3rd period - Ben Street wins face-off versus Adam Erne in Kraken zone.
15:51 of 3rd period - Snap shot by Ben Street.
15:51 of 3rd period - Shot Misses the Net.
15:53 of 3rd period - Wrist shot by Ben Street.
15:53 of 3rd period - Stopped by Sergei Bobrovsky without a rebound.
15:54 of 3rd period - Ben Street wins face-off versus Radim Zohorna in Kraken zone.
16:05 of 3rd period - Slapshot by Zach Werenski.
16:05 of 3rd period - Shot Blocked by Connor McDavid.
16:50 of 3rd period - Wrist shot by Kirill Kaprizov.
16:50 of 3rd period - Shot Misses the Net.
17:04 of 3rd period - Snap shot by Connor McDavid.
17:04 of 3rd period - Stopped by Sergei Bobrovsky without a rebound.
17:05 of 3rd period - Radim Zohorna wins face-off versus Jeff Skinner in Kraken zone.
17:18 of 3rd period - Slapshot by Andrew Mangiapane.
17:18 of 3rd period - Shot Misses the Net.
17:30 of 3rd period - Kevin Shattenkirk is hit by Nathan Gerbe and loses puck.
17:43 of 3rd period - Wrist shot by Nathan Gerbe.
17:43 of 3rd period - Stopped by Sergei Bobrovsky with a rebound.
18:01 of 3rd period - Slapshot by Ryan Nugent-Hopkins.
18:01 of 3rd period - Shot Blocked by Jake Gardiner.
18:55 of 3rd period - Wrist shot by Ryan Nugent-Hopkins.
18:55 of 3rd period - Shot Misses the Net.
19:18 of 3rd period - Cody Glass is hit by Zach Werenski and loses puck.
19:36 of 3rd period - Wrist shot by Zack Kassian.
19:36 of 3rd period - Stopped by Sergei Bobrovsky without a rebound.
19:37 of 3rd period - Jared Bednar call a timeout for Kraken.
19:37 of 3rd period - Chandler Stephenson wins face-off versus Gaetan Haas in Kraken zone.
Goals for this period are 1 for Oilers vs 1 for Kraken.
Shots for this period are 10 for Oilers vs 8 for Kraken. Output by the SimonT Hockey Simulator (STHS) for Alexandre Lamarre - Original Page W3C HTML5 Valid
Hockey Simulator - Hockey Simulation - Hockey Manager